| TOP OF THE 1ST |
|
Gwinnett Braves batting - Pitching for Albuquerque Isotopes : RHP Austin Akers
|
|
Pitching: RHP Austin Akers
|
|
|
Batting: RHB Jeremy Giesler
|
0-0: Ground out 4-3 (Groundball, 34, EV 93.1 MPH)
|
|
Batting: RHB Alex Munoz
|
0-0: Swinging Strike 0-1: Swinging Strike 0-2: Ball 1-2: Ball 2-2: Ball 3-2: Ground out 6-3 (Groundball, 6, EV 85.6 MPH)
|
|
Batting: SHB Bob Morales
|
0-0: Called Strike 0-1: Foul Ball, location: 2F 0-2: Foul Ball, location: 2F 0-2: Ball 1-2: Ball 2-2: Strikes out swinging
|
| Top of the 1st over - 0 runs, 0 hits, 0 errors, 0 left on base; Gwinnett 0 - Albuquerque 0 |
| BOTTOM OF THE 1ST |
|
Albuquerque Isotopes batting - Pitching for Gwinnett Braves : RHP Jeff Olech
|
|
Pitching: RHP Jeff Olech
|
|
|
Batting: RHB Logan Morgan
|
0-0: Swinging Strike 0-1: Ball 1-1: Ground out 5-3 (Groundball, 56, EV 76.2 MPH)
|
|
Batting: LHB Jason Raker
|
0-0: SINGLE (Flyball, 56D, EV 90.0 MPH)
|
|
Batting: RHB Adrian Rudkilde
|
0-0: Foul Ball, location: 2F 0-1: Ball 1-1: Foul Ball, location: 2F 1-2: Hit by Pitch Jason Raker to second
|
|
Batting: RHB Chris King
|
0-0: Ball 1-0: Ball 2-0: Called Strike 2-1: 3-RUN HOME RUN (Line Drive, 9LD, EV 100.0 MPH), Distance : 358 ft
|
|
Batting: LHB Gabe Harvey
|
0-0: Called Strike 0-1: Ball 1-1: Ball 2-1: Ground out 4-3 (Groundball, 4, EV 85.6 MPH)
|
|
Batting: RHB Sadataka Kuwahara
|
0-0: Fly out, F9 (Line Drive, 9LD, EV 95.6 MPH)
|
| Bottom of the 1st over - 3 runs, 2 hits, 0 errors, 0 left on base; Gwinnett 0 - Albuquerque 3 |
| TOP OF THE 2ND |
|
Gwinnett Braves batting - Pitching for Albuquerque Isotopes : RHP Austin Akers
|
|
Batting: RHB Muneer Maudad
|
0-0: Called Strike 0-1: Swinging Strike 0-2: Ball 1-2: Ball 2-2: Foul Ball, location: 2F 2-2: Ball 3-2: SINGLE (Groundball, 6D, EV 105.0 MPH)
|
|
Batting: SHB Brian Bagley
|
0-0: Ball 1-0: Called Strike 1-1: Ball 2-1: Ball 3-1: Fly out, F4 (Popup, 23, EV 85.6 MPH)
|
|
Batting: SHB Troy Kenyon
|
0-0: Grounds into double play, 5-4-3 (Groundball, 56, EV 87.5 MPH)
|
| Top of the 2nd over - 0 runs, 1 hit, 0 errors, 0 left on base; Gwinnett 0 - Albuquerque 3 |
| BOTTOM OF THE 2ND |
|
Albuquerque Isotopes batting - Pitching for Gwinnett Braves : RHP Jeff Olech
|
|
Batting: RHB Herb McIntyre
|
0-0: Ball 1-0: Ground out 6-3 (Groundball, 6, EV 89.4 MPH)
|
|
Batting: RHB Jerry Sanchez
|
0-0: Ground out 6-3 (Groundball, 6M, EV 78.1 MPH)
|
|
Batting: RHB Vinny Estrada
|
0-0: Ball 1-0: Called Strike 1-1: Swinging Strike 1-2: Strikes out looking
|
| Bottom of the 2nd over - 0 runs, 0 hits, 0 errors, 0 left on base; Gwinnett 0 - Albuquerque 3 |
| TOP OF THE 3RD |
|
Gwinnett Braves batting - Pitching for Albuquerque Isotopes : RHP Austin Akers
|
|
Batting: RHB Edgar Castillo
|
0-0: Fly out, F3 (Line Drive, 3L, EV 68.1 MPH)
|
|
Batting: RHB Riley Nasiir
|
0-0: Called Strike 0-1: Called Strike 0-2: Ball 1-2: Ball 2-2: Foul Ball, location: 2F 2-2: Ball 3-2: Strikes out swinging
|
|
Batting: RHB Mike Manchester
|
0-0: Called Strike 0-1: Fly out, F9 (Flyball, 9LM, EV 91.2 MPH)
|
| Top of the 3rd over - 0 runs, 0 hits, 0 errors, 0 left on base; Gwinnett 0 - Albuquerque 3 |
| BOTTOM OF THE 3RD |
|
Albuquerque Isotopes batting - Pitching for Gwinnett Braves : RHP Jeff Olech
|
|
Batting: RHB Logan Morgan
|
0-0: Called Strike 0-1: Ball 1-1: Ball 2-1: Swinging Strike 2-2: Ball 3-2: Fly out, F8 (Flyball, 78XD, EV 86.2 MPH)
|
|
Batting: LHB Jason Raker
|
0-0: Called Strike 0-1: Ball 1-1: Ball 2-1: Foul Ball, location: 2F 2-2: Strikes out swinging
|
|
Batting: RHB Adrian Rudkilde
|
0-0: Ball 1-0: Ball 2-0: Ball 3-0: Base on Balls
|
|
Batting: RHB Chris King
|
0-0: Called Strike Adrian Rudkilde is caught stealing 2nd base 2-4
|
| Bottom of the 3rd over - 0 runs, 0 hits, 0 errors, 0 left on base; Gwinnett 0 - Albuquerque 3 |
| TOP OF THE 4TH |
|
Gwinnett Braves batting - Pitching for Albuquerque Isotopes : RHP Austin Akers
|
|
Batting: RHB Jeremy Giesler
|
0-0: Swinging Strike 0-1: Foul Ball, location: 2F 0-2: Strikes out swinging
|
|
Batting: RHB Alex Munoz
|
0-0: Ball 1-0: Foul Ball, location: 2F 1-1: Foul Ball, location: 2F 1-2: Fly out, F7 (Line Drive, 7, EV 89.4 MPH)
|
|
Batting: SHB Bob Morales
|
0-0: Ball 1-0: SINGLE (Flyball, 8RS, EV 96.9 MPH)
|
|
Batting: RHB Muneer Maudad
|
0-0: Called Strike 0-1: Called Strike 0-2: Foul Ball, location: 2F 0-2: Ball 1-2: Ball 2-2: Ball 3-2: Foul Ball, location: 2F 3-2: Ground out 6-3 (Groundball, 6, EV 86.9 MPH)
|
| Top of the 4th over - 0 runs, 1 hit, 0 errors, 1 left on base; Gwinnett 0 - Albuquerque 3 |
| BOTTOM OF THE 4TH |
|
Albuquerque Isotopes batting - Pitching for Gwinnett Braves : RHP Jeff Olech
|
|
Batting: RHB Chris King
|
0-0: Called Strike 0-1: Swinging Strike 0-2: Ball 1-2: Foul Ball, location: 2F 1-2: Ball 2-2: Foul Ball, location: 2F 2-2: Strikes out looking
|
|
Batting: LHB Gabe Harvey
|
0-0: Foul Ball, location: 2F 0-1: Ball 1-1: Swinging Strike 1-2: Ball 2-2: SINGLE (Groundball, 56D, EV 101.9 MPH)
|
|
Batting: RHB Sadataka Kuwahara
|
0-0: Swinging Strike 0-1: Ball 1-1: SINGLE (Line Drive, 9LS, EV 108.1 MPH) Gabe Harvey to second
|
|
Batting: RHB Herb McIntyre
|
0-0: Ball 1-0: Ball 2-0: Called Strike 2-1: Called Strike 2-2: Strikes out looking
|
|
Batting: RHB Jerry Sanchez
|
0-0: Ground out 5-3 (Groundball, 56S, EV 71.9 MPH)
|
| Bottom of the 4th over - 0 runs, 2 hits, 0 errors, 2 left on base; Gwinnett 0 - Albuquerque 3 |
| TOP OF THE 5TH |
|
Gwinnett Braves batting - Pitching for Albuquerque Isotopes : RHP Austin Akers
|
|
Batting: SHB Brian Bagley
|
0-0: Ball 1-0: Swinging Strike 1-1: Ball 2-1: Called Strike 2-2: Ball 3-2: Base on Balls
|
|
Batting: SHB Troy Kenyon
|
0-0: Ball 1-0: Called Strike 1-1: Ball 2-1: Foul Ball, location: 2F 2-2: Ball 3-2: Foul Ball, location: 2F 3-2: Foul Ball, location: 2F 3-2: Base on Balls Brian Bagley to second
|
|
Batting: RHB Edgar Castillo
|
0-0: Ball 1-0: Swinging Strike 1-1: Ball 2-1: Ball 3-1: Base on Balls Brian Bagley to third Troy Kenyon to second
|
|
Batting: RHB Riley Nasiir
|
0-0: Ball 1-0: Called Strike 1-1: Fly out, F8 (Flyball, 78M, EV 96.9 MPH)
|
|
Batting: RHB Mike Manchester
|
0-0: Foul Ball, location: 2F 0-1: Ball 1-1: Grounds into double play, 5-4-3 (Groundball, 56S, EV 87.5 MPH)
|
| Top of the 5th over - 0 runs, 0 hits, 0 errors, 2 left on base; Gwinnett 0 - Albuquerque 3 |
| BOTTOM OF THE 5TH |
|
Albuquerque Isotopes batting - Pitching for Gwinnett Braves : RHP Jeff Olech
|
|
Batting: RHB Vinny Estrada
|
0-0: Ground out U3 (Groundball, 3S, EV 70.0 MPH)
|
|
Batting: RHB Logan Morgan
|
0-0: Ball 1-0: Fly out, F7 (Flyball, 78S, EV 88.8 MPH)
|
|
Batting: LHB Jason Raker
|
0-0: Called Strike 0-1: Foul Ball, location: 2F 0-2: Foul Ball, location: 2F 0-2: DOUBLE (Flyball, 8LD, EV 105.0 MPH)
|
|
Batting: RHB Adrian Rudkilde
|
0-0: Ball 1-0: SINGLE (Flyball, 4D, EV 86.9 MPH) Jason Raker to third Runner from 3rd tries for Home, SAFE, throw by RF to home
|
|
Batting: RHB Chris King
|
0-0: Ball 1-0: Swinging Strike 1-1: Called Strike 1-2: Foul Ball, location: 2F 1-2: Ball 2-2: Foul Ball, location: 2F 2-2: Hit by Pitch Adrian Rudkilde to second
|
|
Batting: LHB Gabe Harvey
|
0-0: Fly out, F8 (Flyball, 8LS, EV 88.8 MPH)
|
| Bottom of the 5th over - 1 run, 2 hits, 0 errors, 2 left on base; Gwinnett 0 - Albuquerque 4 |
| TOP OF THE 6TH |
|
Gwinnett Braves batting - Pitching for Albuquerque Isotopes : RHP Austin Akers
|
|
Batting: RHB Jeremy Giesler
|
0-0: Ball 1-0: Foul Ball, location: 2F 1-1: Ball 2-1: Ground out 1-3 (Groundball, 15S, EV 75.6 MPH)
|
|
Batting: RHB Alex Munoz
|
0-0: Ball 1-0: Swinging Strike 1-1: Foul Ball, location: 2F 1-2: Ball 2-2: Strikes out swinging
|
|
Batting: SHB Bob Morales
|
0-0: Ball 1-0: Called Strike 1-1: Foul Ball, location: 2F 1-2: Strikes out swinging
|
| Top of the 6th over - 0 runs, 0 hits, 0 errors, 0 left on base; Gwinnett 0 - Albuquerque 4 |
| BOTTOM OF THE 6TH |
|
Albuquerque Isotopes batting - Pitching for Gwinnett Braves : RHP Jeff Olech
|
|
Batting: RHB Sadataka Kuwahara
|
0-0: Ball 1-0: Swinging Strike 1-1: Ground out 5-3 (Groundball, 56, EV 102.5 MPH)
|
|
Batting: RHB Herb McIntyre
|
0-0: Called Strike 0-1: Ground out 1-3 (Groundball, P, EV 75.0 MPH)
|
|
Batting: RHB Jerry Sanchez
|
0-0: Ball 1-0: Called Strike 1-1: Foul Ball, location: 2F 1-2: Ball 2-2: DOUBLE (Line Drive, 7LD, EV 108.8 MPH)
|
|
Batting: RHB Vinny Estrada
|
0-0: Ball 1-0: Called Strike 1-1: Ground out 5-3 (Groundball, 5, EV 103.8 MPH)
|
| Bottom of the 6th over - 0 runs, 1 hit, 0 errors, 1 left on base; Gwinnett 0 - Albuquerque 4 |
| TOP OF THE 7TH |
|
Gwinnett Braves batting - Pitching for Albuquerque Isotopes : RHP Austin Akers
|
|
Batting: RHB Muneer Maudad
|
0-0: Called Strike 0-1: SINGLE (Line Drive, 56D, EV 99.4 MPH)
|
|
Batting: SHB Brian Bagley
|
0-0: SINGLE (Groundball, 4D, EV 102.5 MPH) Muneer Maudad to second Runner from 2nd tries for 3rd, SAFE, throw by RF made to third
|
|
Batting: SHB Troy Kenyon
|
0-0: Called Strike 0-1: Swinging Strike 0-2: Foul Ball, location: 2F 0-2: Strikes out looking
|
|
Batting: RHB Edgar Castillo
|
0-0: Called Strike 0-1: Ball Wild Pitch! Muneer Maudad scores Brian Bagley to second 1-1: Ball 2-1: Foul Ball, location: 2F 2-2: Strikes out looking
|
|
Pitching: LHP Matt Wojtkiewicz
|
|
|
Batting: RHB Riley Nasiir
|
0-0: Ball 1-0: Swinging Strike 1-1: Foul Ball, location: 2F 1-2: Strikes out swinging
|
| Top of the 7th over - 1 run, 2 hits, 0 errors, 1 left on base; Gwinnett 1 - Albuquerque 4 |
| BOTTOM OF THE 7TH |
|
Albuquerque Isotopes batting - Pitching for Gwinnett Braves : RHP Jeff Olech
|
|
Batting: RHB Logan Morgan
|
0-0: Foul Ball, location: 2F 0-1: Called Strike 0-2: Foul Ball, location: 2F 0-2: Ball 1-2: Ground out 6-3 (Groundball, 6MD, EV 104.4 MPH)
|
|
Batting: LHB Jason Raker
|
0-0: Ball 1-0: Ground out U3 (Groundball, 13, EV 90.6 MPH)
|
|
Batting: RHB Adrian Rudkilde
|
0-0: Called Strike 0-1: Foul Ball, location: 2F 0-2: Ball 1-2: Ball 2-2: Ball 3-2: Base on Balls
|
|
Pitching: RHP Larry Stegall
|
|
|
Batting: RHB Chris King
|
0-0: Ball 1-0: Fly out, F8 (Flyball, 8LXD, EV 107.5 MPH)
|
| Bottom of the 7th over - 0 runs, 0 hits, 0 errors, 1 left on base; Gwinnett 1 - Albuquerque 4 |
| TOP OF THE 8TH |
|
Gwinnett Braves batting - Pitching for Albuquerque Isotopes : LHP Matt Wojtkiewicz
|
|
Batting: RHB Mike Manchester
|
0-0: Called Strike 0-1: Ball 1-1: Foul Ball, location: 2F 1-2: Ball 2-2: Ball 3-2: Fly out, F4 (Line Drive, 4, EV 67.5 MPH)
|
|
Batting: RHB Jeremy Giesler
|
0-0: Ball 1-0: Ball 2-0: Ball 3-0: Called Strike 3-1: Base on Balls
|
|
Batting: RHB Alex Munoz
|
0-0: Called Strike 0-1: DOUBLE (Flyball, 8RXD, EV 108.1 MPH) Jeremy Giesler to third
|
|
Batting: SHB Bob Morales
|
0-0: Foul Ball, location: 2F 0-1: Ball 1-1: 3-RUN HOME RUN (Flyball, 7D, EV 96.9 MPH), Distance : 369 ft
|
|
Pitching: RHP Jeff Swomley
|
|
|
Batting: RHB Muneer Maudad
|
0-0: Called Strike 0-1: DOUBLE (Groundball, 5L, EV 100.0 MPH)
|
|
Batting: SHB Brian Bagley
|
0-0: Swinging Strike 0-1: Ball 1-1: Fly out, F9 (Flyball, 89D, EV 81.2 MPH)
|
|
Batting: SHB Troy Kenyon
|
0-0: Ball 1-0: Ball 2-0: Ball 3-0: Base on Balls
|
|
Pitching: RHP Josh Kenyon
|
|
|
Pinch Hitting: LHB Mark Buchholz
|
0-0: Called Strike 0-1: Ball 1-1: Foul Ball, location: 2F 1-2: Foul Ball, location: 2F 1-2: Strikes out swinging
|
| Top of the 8th over - 3 runs, 3 hits, 0 errors, 2 left on base; Gwinnett 4 - Albuquerque 4 |
| BOTTOM OF THE 8TH |
|
Albuquerque Isotopes batting - Pitching for Gwinnett Braves : RHP Larry Stegall
|
|
Now in LF: Chad Persaud
|
|
|
Batting: LHB Gabe Harvey
|
0-0: Called Strike 0-1: Ground out 5-3 (Groundball, 56, EV 91.9 MPH)
|
|
Batting: RHB Sadataka Kuwahara
|
0-0: Ball 1-0: Foul Ball, location: 2F 1-1: Foul Ball, location: 2F 1-2: Ball 2-2: Strikes out swinging
|
|
Batting: RHB Herb McIntyre
|
0-0: Ball 1-0: Called Strike 1-1: Fly out, F8 (Flyball, 8LXD, EV 96.2 MPH)
|
| Bottom of the 8th over - 0 runs, 0 hits, 0 errors, 0 left on base; Gwinnett 4 - Albuquerque 4 |
| TOP OF THE 9TH |
|
Gwinnett Braves batting - Pitching for Albuquerque Isotopes : RHP Josh Kenyon
|
|
Pitching: RHP Ernie Schmutz
|
|
|
Batting: RHB Riley Nasiir
|
0-0: Ball 1-0: Ball 2-0: Ground out 5-3 (Groundball, 5, EV 85.0 MPH)
|
|
Batting: RHB Mike Manchester
|
0-0: Swinging Strike 0-1: Ball 1-1: Ground out 5-3 (Groundball, 56S, EV 70.0 MPH)
|
|
Batting: RHB Jeremy Giesler
|
0-0: Ball 1-0: Called Strike 1-1: Foul Ball, location: 2F 1-2: Strikes out looking
|
| Top of the 9th over - 0 runs, 0 hits, 0 errors, 0 left on base; Gwinnett 4 - Albuquerque 4 |
| BOTTOM OF THE 9TH |
|
Albuquerque Isotopes batting - Pitching for Gwinnett Braves : RHP Larry Stegall
|
|
Batting: RHB Jerry Sanchez
|
0-0: Ball 1-0: Swinging Strike 1-1: Ball 2-1: Fly out, F3 (Line Drive, 3L, EV 69.4 MPH)
|
|
Pinch Hitting: SHB D.J. Codd
|
0-0: Ball 1-0: Called Strike 1-1: Ball 2-1: DOUBLE (Groundball, 3L, EV 97.5 MPH)
|
|
Pinch Hitting: SHB Jamel Wright
|
0-0: Ball 1-0: Ball 2-0: Called Strike 2-1: Ball 3-1: Foul Ball, location: 2F 3-2: Strikes out swinging
|
|
Batting: LHB Jason Raker
|
0-0: Ground out 4-3 (Groundball, 4, EV 100.0 MPH)
|
| Bottom of the 9th over - 0 runs, 1 hit, 0 errors, 1 left on base; Gwinnett 4 - Albuquerque 4 |
| TOP OF THE 10TH |
|
Gwinnett Braves batting - Pitching for Albuquerque Isotopes : RHP Ernie Schmutz
|
|
Now at C: Ben Taylor
|
|
|
Now in CF: D.J. Codd
|
|
|
Batting: RHB Alex Munoz
|
0-0: Called Strike 0-1: Fly out, F7 (Flyball, 7, EV 86.2 MPH)
|
|
Batting: SHB Bob Morales
|
0-0: Fly out, F8 (Flyball, 8RD, EV 91.2 MPH)
|
|
Batting: RHB Muneer Maudad
|
0-0: Ball 1-0: Ball 2-0: Ball 3-0: Base on Balls
|
|
Batting: SHB Brian Bagley
|
0-0: Ball 1-0: Foul Ball, location: 2F 1-1: Swinging Strike 1-2: Strikes out swinging
|
| Top of the 10th over - 0 runs, 0 hits, 0 errors, 1 left on base; Gwinnett 4 - Albuquerque 4 |
| BOTTOM OF THE 10TH |
|
Albuquerque Isotopes batting - Pitching for Gwinnett Braves : RHP Larry Stegall
|
|
Pitching: LHP Brian Gregory
|
|
|
Batting: RHB Adrian Rudkilde
|
0-0: Ball 1-0: Ball 2-0: Called Strike 2-1: Ball 3-1: Base on Balls
|
|
Batting: RHB Chris King
|
0-0: Called Strike 0-1: Called Strike 0-2: Ball 1-2: Ball 2-2: SINGLE (Groundball, 4MD, EV 107.5 MPH) Adrian Rudkilde to second Runner from 2nd tries for 3rd, SAFE, throw by CF made to third
|
|
Batting: LHB Gabe Harvey
|
0-0: Called Strike 0-1: Foul Ball, location: 2F 0-2: Ball 1-2: Strikes out swinging
|
|
Batting: RHB Sadataka Kuwahara
|
0-0: Foul Ball, location: 2F 0-1: SINGLE (Flyball, 34D, EV 90.6 MPH) Adrian Rudkilde scores
|
| Bottom of the 10th over - 1 run, 2 hits, 0 errors, 1 left on base; Gwinnett 4 - Albuquerque 5 |
|